 Dungeon Crawl Stone Soup version 0.32-a0-975-g85d4e5bfdb (webtiles) character file.

Game seed: 2938371506179891818

31521 yatagan the Cleaver (level 13, -1/124 HPs)
             Began as a Minotaur Berserker on Apr 19, 2024.
             Was a High Priest of Trog.
             Slain by a spectral wolf spider (7 damage)
             ... in a Gauntlet.
             The game lasted 00:28:09 (14658 turns).

yatagan the Cleaver (Minotaur Berserker)           Turns: 14658, Time: 00:28:10

Health: -1/124     AC: 26    Str: 28    XL:     13   Next: 26%
Magic:  12/12      EV: 12    Int:  4    God:    Trog [*****.]
Gold:   742        SH:  5    Dex: 15    Spells: 12/12 levels left

rFire   . . .        r - +2 executioner's axe (elec)
rCold   . . .        (shield currently unavailable)
rNeg    . . .        l - +1 plate armour
rPois   .            (helmet restricted)
rElec   .            c - +2 cloak
rCorr   +            p - +2 pair of gloves
SInv    .            s - +0 pair of boots {Fly}
Will    ++...        i - amulet of reflection Stlth
                     n - ring of resist corrosion
HPRegen 1.40/turn    L - +6 ring of dexterity
MPRegen 0.13/turn

%: no teleportation, reflection
@: lethally poisoned (-1 -> -11), strong-willed, flying, regenerating, slowed,
very slow
A: horns 2, retaliatory headbutt
a: Renounce Religion, Berserk, Trog's Hand, Brothers in Arms


You were in a Gauntlet.
You worshipped Trog.
Trog was extremely pleased with you.
You visited 2 branches of the dungeon, and saw 15 of its levels.
You also visited: Bailey and Gauntlet.

You collected 944 gold pieces.
You spent 202 gold pieces at shops.

Inventory:

Hand Weapons
 a - a +3 flail of protection
 q - a +3 war axe
 r - a +2 executioner's axe of electrocution (weapon)
 t - a +4 battleaxe
 G - the +3 executioner's axe of the Tiger {heavy, rC++}
   (Trog gifted it to you on level 9 of the Dungeon)

   rC++:      It greatly protects you from cold.
 N - the +5 mace of Kiucif {flame, rPois rF+ rC+}
   (You found it in a Gauntlet)

   rF+:       It protects you from fire.
   rC+:       It protects you from cold.
   rPois:     It protects you from poison.
Missiles
 o - 6 poisoned darts (quivered)
Armour
 c - a +2 cloak (worn)
 l - a +1 plate armour (worn)
 p - a +2 pair of gloves (worn)
 s - a +0 pair of boots of flying (worn)
Jewellery
 i - an amulet of reflection (around neck)
 n - a ring of resist corrosion (left hand)
 w - a ring of ice
 y - a ring of fire
 H - a +5 ring of evasion
 L - a +6 ring of dexterity (right hand)
Wands
 f - a wand of warping (22)
 u - a wand of charming (15)
 v - a wand of quicksilver (4)
Scrolls
 d - 10 scrolls of teleportation
 e - 8 scrolls of enchant armour
 g - 2 scrolls of poison
 x - a scroll of torment
 B - 3 scrolls of fear
 C - 2 scrolls of immolation
 D - 2 scrolls of vulnerability
Potions
 b - a potion of heal wounds
 h - a potion of might {unknown}
 j - 2 potions of lignification
 k - a potion of brilliance
 m - 6 potions of curing
 z - 4 potions of invisibility {unknown}
 A - 2 potions of degeneration
 E - a potion of berserk rage
 F - a potion of mutation
 I - a potion of cancellation {unknown}
 J - a potion of ambrosia
 K - 2 potions of attraction {unknown}
 M - a potion of enlightenment {unknown}


   Skills:
 + Level 14.1 Fighting
 * Level 14.2 Axes
 + Level 13.8 Armour
 + Level 12.7 Dodging


You had 12 spell levels left.
You didn't know any spells.
Your spell library was empty.

Dungeon Overview and Level Annotations

Branches:
Dungeon (12/15) Zot: 25558  Temple (0/1) D:7            Lair (3/5) D:9 Zot: 16915
    Orc (0/2) D:10         Bailey (visited)         Gauntlet (1/1) Zot: 5365
  Swamp: Lair:2-3    Shoals: Lair:2-3     Snake: Lair:2-3    Spider: Lair:2-3

Altars:
Ashenzari
Cheibriados
Hepliaklqana
Makhleb
Qazlal
Ru
Trog
Wu Jian
Zin

Shops:
D:1 [   D:5 (

Annotations:
D:9 3 runed translucent doors, makewrite's ghost, novice TrWr
D:11 3 runed translucent doors, Lomeen's ghost, journeyman DEFE
Lair:1 2 transporters, topfpfpflanze's ghost, journeyman OpCj Gauntlet 13 transporters


Innate Abilities, Weirdness & Mutations

You have a pair of horns on your head.
You reflexively headbutt those who attack you in melee.


Message History

You are too injured to fight recklessly!
You are too injured to fight recklessly!
You are too injured to fight recklessly!
You are too injured to fight recklessly!
You are too injured to fight recklessly!
You are too injured to fight recklessly!
You are too injured to fight recklessly!
You are too injured to fight recklessly!
You are too injured to fight recklessly!
You are too injured to fight recklessly!
You are too injured to fight recklessly!
Unknown command.
Your skin crawls.
You feel strong-willed.
You are engulfed in dark miasma.
You are more poisoned.
* * * LOW HITPOINT WARNING * * *
x2 You feel extremely sick.
The spectral wolf spider hits you but does no damage.
The spectral wolf spider bites you but does no damage.
The centaur warrior zombie hits you.
* * * LOW HITPOINT WARNING * * *
The centaur warrior zombie kicks you but does no damage.
The spectral wolf spider hits you!
* * * LOW HITPOINT WARNING * * *
You block the spectral wolf spider's attack.
The centaur warrior zombie hits you.
* * * LOW HITPOINT WARNING * * *
The centaur warrior zombie kicks you but does no damage.
You feel much better.
You feel extremely sick.
You block the spectral wolf spider's attack.
The spectral wolf spider bites you but does no damage.
The centaur warrior zombie hits you!
* * * LOW HITPOINT WARNING * * *
The centaur warrior zombie kicks you but does no damage.
The spectral wolf spider hits you!
* * * LOW HITPOINT WARNING * * *
The spectral wolf spider bites you!
You die...

#..............#.#≈≈ß≈≈#©........
...#############.################
...#©...........©...........©#§≈≈
#################################
2≈...≈≈..#.#...#.#...#.#hh.......
.≈..≈..≈.#.#..#...#..#.#.........
.≈≈.≈≈.≈©#.#.##...##.#.#.#######.
..≈...≈.≈#.##..#Z#..##.##^#2#.#.#
≈≈.≈.≈..≈#.#....@Z...#.#....©....
.≈.≈≈≈.≈.#.##..#.#..##.#.#.#^#^#.
..≈...≈≈.#.#.#######.#.#.#######.
.≈.≈...≈.#.#..#...#ZZ#.#.^.....^2
=≈..©!≈.2#.#..$.©[!Zk#.#..[)©}.hh
##########.###########.##########
.................................
.................................
#################################


You could see a spectral wolf spider and a centaur warrior zombie.

Vanquished Creatures
  A storm dragon (D:12)
  Snorg (D:10)
  A centaur warrior (D:12)
  Erica (Lair:2)
  5 two-headed ogres
  A soul eater (Gauntlet)
  A death drake (Gauntlet)
  2 orc knights (Bailey)
  2 ugly things (D:12)
  2 cyclopes
  A manticore (D:12)
  Maurice (D:7)
  A centaur zombie (Gauntlet)
  Maggie (D:9)
  A cane toad (Lair:3)
  Joseph (Lair:1)
  An unseen horror (D:11)
  An efreet (D:12)
  6 komodo dragons
  4 trolls
  Prince Ribbit (D:8)
  Grinder (D:6)
  26 blink frogs
  A spectral meliai (Gauntlet)
  6 dream sheep (Lair:3)
  4 slime creatures (D:12)
  3 shadows (Gauntlet)
  Sigmund (D:3)
  14 yaks
  A vampire (D:11)
  3 wraiths
  A wyvern (D:9)
  2 steam dragons
  A basilisk (Lair:1)
  A vampire mosquito (D:8)
  3 acid dragons
  5 water moccasins
  2 ice beasts
  7 orc warriors
  A sky beast (D:6)
  2 black bears
  An ogre (D:6)
  8 wolves
  4 centaurs
  A phantom (D:4)
  4 kobold brigands
  6 bullfrogs
  2 scorpions
  A gnoll sergeant (D:8)
  10 wights
  8 killer bees
  2 howler monkeys
  An electric eel (D:9)
  3 bombardier beetles
  7 hounds
  5 orc priests
  3 gnoll boudas
  2 jellies (D:5)
  A sleepcap (D:4)
  3 iguanas
  Ijyb (D:5)
  Jessica (D:1)
  Terence (D:3)
  12 orc wizards
  12 adders
  17 gnolls
  7 shadow imps
  3 white imps
  4 ufetubi
  3 dart slugs
  A ribbon worm (D:2)
  56 orcs
  7 endoplasms
  5 giant cockroaches
  9 goblins
  7 hobgoblins
  2 jackals (D:4)
  22 kobolds
  A quokka (D:3)
  6 ball pythons
  8 bats
  A frilled lizard (D:2)
  3 rats
382 creatures vanquished.

Notes
Turn   | Place    | Note
-------+----------+-------------------------------------------
     0 | D:1      | yatagan the Minotaur Berserker began the quest for the Orb.
     0 | D:1      | Reached XP level 1. HP: 19/19 MP: 0/0
    82 | D:1      | Reached XP level 2. HP: 27/27 MP: 1/1
   188 | D:2      | Reached XP level 3. HP: 20/33 MP: 2/2
   368 | D:2      | Noticed Jessica
   374 | D:1      | Killed Jessica
   515 | D:1      | Found Cymnekos's Antique Armour Boutique.
   748 | D:2      | Reached XP level 4. HP: 39/41 MP: 3/3
   825 | D:2      | Reached ** piety under Trog
   846 | D:2      | Found a faded altar of an unknown god.
  1850 | D:5      | Entered Level 5 of the Dungeon
  2016 | D:3      | Found a burning altar of Makhleb.
  2025 | D:3      | Noticed Terence
  2043 | D:3      | Killed Terence
  2044 | D:3      | Reached XP level 5. HP: 47/47 MP: 4/4
  2152 | D:3      | Noticed an Executioner
  2155 | D:3      | Noticed a hellwing
  2155 | D:3      | Noticed a ynoxinul
  2203 | D:3      | Noticed Sigmund
  2212 | D:3      | Killed Sigmund
  2213 | D:3      | Reached skill level 5 in Fighting
  2213 | D:3      | Reached skill level 5 in Axes
  2213 | D:3      | Reached XP level 6. HP: 56/56 MP: 5/5
  2951 | D:4      | Reached skill level 5 in Armour
  2951 | D:4      | Reached XP level 7. HP: 58/62 MP: 6/6
  3055 | D:4      | Reached *** piety under Trog
  3355 | D:4      | Reached skill level 5 in Dodging
  3521 | D:4      | Reached XP level 8. HP: 69/71 MP: 7/7
  4125 | D:1      | Bought a pair of embroidered boots for 202 gold pieces
  4399 | D:5      | Found a broken altar of Ashenzari.
  4440 | D:5      | Noticed Ijyb
  4461 | D:5      | Killed Ijyb
  4559 | D:5      | Found Ungigg's Weapon Emporium.
  5237 | D:6      | Reached **** piety under Trog
  5447 | D:6      | Found an ornate altar of the Wu Jian Council.
  5449 | D:6      | Found a snail-covered altar of Cheibriados.
  5449 | D:6      | Found a stormy altar of Qazlal.
  5588 | D:6      | Reached XP level 9. HP: 79/81 MP: 8/8
  5892 | D:6      | Noticed Grinder
  5909 | D:6      | Killed Grinder
  6365 | D:7      | Noticed Maurice
  6369 | D:7      | Maurice stole a ring of fire
  6369 | D:7      | Maurice stole a +3 war axe
  6370 | D:7      | Maurice stole 6 poisoned darts
  6393 | D:7      | Something stole 171 gold
  6506 | D:7      | Found a staircase to the Ecumenical Temple.
  6560 | D:7      | Killed Maurice
  6954 | D:7      | Found a faded altar of an unknown god.
  6954 | D:7      | Found a hazy altar of Hepliaklqana.
  6962 | D:7      | Found a sacrificial altar of Ru.
  6965 | D:7      | Found a glowing silver altar of Zin.
  6967 | D:7      | Found a faded altar of an unknown god.
  7260 | D:8      | Noticed a two-headed ogre
  7268 | D:8      | Killed a two-headed ogre
  7409 | D:8      | Reached XP level 10. HP: 66/91 MP: 9/9
  7568 | D:9      | Noticed Maggie
  7571 | D:9      | Reached ***** piety under Trog
  7585 | D:9      | Killed Maggie
  7635 | D:9      | Identified the +3 executioner's axe of the Tiger {heavy,
                  | rC++} (Trog gifted it to you on level 9 of the Dungeon)
  7635 | D:9      | Received a gift from Trog
  7687 | D:9      | Found a staircase to the Lair.
  7703 | D:9      | Reached skill level 10 in Fighting
  7703 | D:9      | Reached skill level 10 in Axes
  7796 | D:9      | Found a flagged portal.
  7801 | Bailey   | Entered a bailey
  8075 | Bailey   | Reached skill level 10 in Armour
  8173 | Bailey   | Noticed an orc knight
  8173 | Bailey   | Noticed an orc knight
  8180 | Bailey   | Killed an orc knight
  8187 | Bailey   | Killed an orc knight
  8581 | D:8      | Noticed a two-headed ogre
  8581 | D:8      | Noticed Prince Ribbit
  8586 | D:8      | Killed a two-headed ogre
  8587 | D:8      | Reached XP level 11. HP: 40/101 MP: 10/10
  8804 | D:8      | Killed Prince Ribbit
  9449 | D:9      | Found a runed translucent gate.
  9449 | D:9      | Found a runed translucent gate.
  9450 | D:9      | Found a runed translucent gate.
  9455 | D:9      | Noticed makewrite's ghost (novice TrWr)
  9455 | D:9      | Noticed a nine-headed hydra
  9670 | D:10     | Entered Level 10 of the Dungeon
  9738 | D:10     | Noticed a two-headed ogre
  9748 | D:10     | Killed a two-headed ogre
  9749 | D:10     | Reached skill level 10 in Dodging
 10112 | D:10     | Identified the +0 helmet of the Snake Pit {rF+ rN+ Int+2}
 10209 | D:10     | Noticed Snorg
 10225 | D:10     | Killed Snorg
 10405 | D:10     | Found a staircase to the Orcish Mines.
 10883 | D:11     | Noticed a two-headed ogre
 10883 | D:11     | Noticed a two-headed ogre
 10899 | D:11     | Killed a two-headed ogre
 10904 | D:11     | Killed a two-headed ogre
 11066 | D:11     | Noticed Lomeen's ghost (journeyman DEFE)
 11066 | D:11     | Noticed a boulder beetle
 11067 | D:11     | Noticed a fire dragon
 11072 | D:11     | Found a runed translucent gate.
 11072 | D:11     | Found a runed translucent gate.
 11077 | D:11     | Found a runed translucent gate.
 11653 | D:12     | Noticed a brown ugly thing
 11660 | D:12     | Killed a brown ugly thing
 11687 | D:12     | Noticed a red ugly thing
 11695 | D:12     | Killed a red ugly thing
 11696 | D:12     | Reached XP level 12. HP: 88/113 MP: 11/11
 12586 | D:12     | Noticed a centaur warrior
 12589 | D:12     | Killed a centaur warrior
 12785 | D:12     | Noticed a storm dragon
 12791 | D:12     | Killed a storm dragon
 12939 | Lair:1   | Entered Level 1 of the Lair of Beasts
 12985 | Lair:1   | Noticed topfpfpflanze's ghost (journeyman OpCj)
 12990 | Lair:1   | Found a transporter.
 12994 | Lair:1   | Found a transporter.
 13012 | Lair:1   | Found a bloodstained altar of Trog.
 13292 | Lair:1   | Noticed Joseph
 13302 | Lair:1   | Killed Joseph
 13318 | Lair:1   | Received a gift from Trog
 13766 | Lair:2   | Noticed Erica
 13782 | Lair:2   | Killed Erica
 13924 | Lair:3   | Reached XP level 13. HP: 68/123 MP: 12/12
 14024 | Lair:3   | Found a gate leading to a gauntlet.
 14033 | Gauntlet | Entered a Gauntlet
 14033 | Gauntlet | Found a transporter.
 14101 | Gauntlet | Found a transporter.
 14103 | Gauntlet | Found a transporter.
 14110 | Gauntlet | Found a transporter.
 14125 | Gauntlet | Found a transporter.
 14130 | Gauntlet | Found a transporter.
 14151 | Gauntlet | Found a transporter.
 14164 | Gauntlet | Found a transporter.
 14176 | Gauntlet | Found a transporter.
 14188 | Gauntlet | Found a transporter.
 14200 | Gauntlet | Found a transporter.
 14212 | Gauntlet | Found a transporter.
 14214 | Gauntlet | Noticed a green death
 14229 | Gauntlet | Found a transporter.
 14229 | Gauntlet | Found a transporter.
 14249 | Gauntlet | Found a transporter.
 14269 | Gauntlet | Found a transporter.
 14397 | Gauntlet | Found a transporter.
 14404 | Gauntlet | Found a transporter.
 14632 | Gauntlet | Identified the +5 mace of Kiucif {flame, rPois rF+ rC+}
 14657 | Gauntlet | HP: 2/124 [centaur warrior zombie (5)]
 14658 | Gauntlet | Slain by a spectral wolf spider

Illustrated notes

Levels and vault maps discovered:
D:1:      heliophobic_arrival_enchanted_forest, layout_rooms, serial_shops,
          nicolae_lakefront_shop
D:2:      layout_loops_corners, shapermc_ecumenical_altar_venn,
          grunt_ministairs_6, uniq_jessica
D:3:      layout_loops_corners, makhleb_altar_promises_db, uniq_sigmund,
          uniq_terence
D:4:      layout_loops_ring, serial_aquarium, aquarium_bridge_island_small
          [aquarium_subvault_small_water, aquarium_subvault_bridge,
          aquarium_subvault_wall, aquarium_subvault_bridge,
          aquarium_subvault_bridge], aquarium_window_1, aquarium_window_double,
          aquarium_window_2, aquarium_view_2d, aquarium_balcony_3b,
          serial_library_hellmonk_narrow_alcove
D:5:      minmay_general_purpose_star, layout_gridville,
          nicolae_overflow_crystal_walls, serial_shops, nicolae_stop_n_shop_1,
          uniq_ijyb
D:6:      layout_loops_ring, grunt_temple_overflow_diamond, water_boxes_lemuel,
          uniq_grinder
D:7:      layout_loops_ring, chequers_temple_overflow_minitemple,
          minmay_temple_entry_trees, uniq_maurice
D:8:      cheibrodos_barr_body, layout_loops_ring, uniq_prince_ribbit1
D:9:      minmay_spotlight, layout_cave_pools, erik_lair_island, enter_bailey_3,
          gammafunk_ghost_hydra_chop, uniq_maggie
D:10:     layout_roguey, orc_0_dummy, hangedman_glass_teeth, uniq_snorg
D:11:     layout_basic, gammafunk_ghost_split, minmay_misc_feat_encased
D:12:     cheibrodos_elevator_heist, layout_stronghold, kennysheep_just_a_vault
Lair:1:   layout_hall_layers, gammafunk_ghost_wrathful_warriors,
          infiniplex_staircase_pool_2, uniq_joseph
Lair:2:   layout_small_grid, shoals_dummy_entry, minivault_27,
          fungi_pond_lemuel, grunt_megastairs_2, uniq_erica
Lair:3:   beargit_carnivore_pack, layout_layer_cave,
          nicolae_spider_entry_orb_guardian, gauntlet_entry_generic
Gauntlet: gammafunk_gauntlet_one_two_three [gammafunk_gauntlet_arena_crates,
          gammafunk_gauntlet_arena_grid, nicolae_gauntlet_arena_x,
          nicolae_gauntlet_arena_grate_2, gammafunk_gauntlet_arena_corners,
          gammafunk_gauntlet_arena_open, gammafunk_gauntlet_arena_teeth,
          gammafunk_gauntlet_arena_chambers,
          nicolae_gauntlet_arena_flowing_pool, gauntlet_exit_watery]

Skill      XL: |  1  2  3  4  5  6  7  8  9 10 11 12 13 |
---------------+----------------------------------------+-----
Fighting       | 4 5 6 7 9 10 12 13 14 | 14.1
Axes           | 4 5 6 7 9 10 12 13 14 | 14.2
Armour         | 3 4 5 6 7 9 10 12 13 | 13.8
Dodging        | 3 4 5 6 8 9 11 12 | 12.7

Action                     |  1- 3 |  4- 6 |  7- 9 | 10-12 | 13-15 || total
---------------------------+-------+-------+-------+-------+-------++-------
  Melee: Hand axe          |    40 |    87 |       |       |       ||   127
         Headbutt          |    10 |    16 |    50 |    94 |     7 ||   177
         War axe           |       |    42 |    67 |       |       ||   109
         Battleaxe         |       |       |   233 |   431 |       ||   664
         Executioner's axe |       |       |       |    46 |    59 ||   105
 Invoke: Berserk           |     1 |     1 |       |     3 |       ||     5
         Trog's Hand       |       |       |     2 |     4 |     3 ||     9
  Evoke: Wand              |       |       |       |     6 |       ||     6
    Use: Scroll            |     1 |     4 |     6 |     8 |     1 ||    20
         Potion            |       |       |     1 |       |     1 ||     2
 Armour: Animal skin       |    12 |       |       |       |       ||    12
         Ring mail         |     8 |     1 |       |       |       ||     9
         Leather armour    |     4 |       |       |       |       ||     4
         Plate armour      |       |   101 |   315 |   552 |    65 ||  1033
  Dodge: Dodged            |    28 |    50 |   121 |   313 |    40 ||   552
  Block: Other             |       |    30 |    53 |   120 |    13 ||   216
         Reflection        |       |     1 |     3 |    15 |       ||    19

Table legend: (Time is in decaauts)
 A = Elapsed time spent in this place.
 B = Non-inter-level travel time spent in this place.
 C = Inter-level travel time spent in this place.
 D = Time resting spent in this place.
 E = Time spent auto-exploring this place.
 F = Levels seen in this place.
 G = Mean time per level.
                   A        B        C        D        E       F      G
               +--------+--------+--------+--------+--------+-----+--------+
         Total |  14913 |  14250 |    663 |   1064 |   8562 |  17 |  877.2 |
       Dungeon |  12767 |  12141 |    626 |    849 |   7706 |  12 | 1063.9 |
          Lair |   1084 |   1047 |     37 |      9 |    490 |   3 |  361.3 |
        Bailey |    428 |    428 |      0 |    205 |      0 |   1 |  428.0 |
      Gauntlet |    633 |    633 |      0 |      0 |    366 |   1 |  633.0 |
               +--------+--------+--------+--------+--------+-----+--------+

Top non-repeatable levels by time:
     D:8: 1430 daAuts
     D:3: 1303 daAuts
    D:12: 1292 daAuts
     D:4: 1179 daAuts
     D:2: 1055 daAuts
     D:5: 1029 daAuts
     D:7: 1010 daAuts
    D:11: 1001 daAuts
    D:10: 999 daAuts
     D:6: 969 daAuts
  Lair:1: 803 daAuts
     D:9: 752 daAuts
     D:1: 743 daAuts
Gauntlet: 633 daAuts
  Bailey: 428 daAuts
